[Event "*** SCC Grand Prix: Titled Tuesday Blitz"]
[Site "Chess.com"]
[Date "2020.07.07"]
[Round "8"]
[White "viditchess"]
[Black "StephenDedalus83"]
[Result "1-0"]
[WhiteElo "3016"]
[BlackElo "2809"]
[TimeControl "180+1"]
[EndTime "11:37:54 PDT"]
[Termination "viditchess won by resignation"]

1. d4 Nf6 2. c4 g6 3. Nc3 Bg7 4.
g3 O-O 5. Bg2 d6 6. Nf3 Nc6 7.
O-O e5 8. dxe5 Nxe5 9. b3 Nxf3+ 10. Bxf3 Rb8 11. Bb2 Bh3 12. Re1 a6 13. a4 Re8 14.
a5 Qd7 15. Qd2 Qf5 16. Nd5 Nxd5 17. Bxd5 Bxb2 18. Qxb2 Qe5 19. Qd2 Kg7 20. Rac1 Re7 21. Rc3 c6 22. Re3 Qf6 23. Rxe7 Qxe7 24. Bf3 Rd8 25.
Rd1 Be6 26. Qb4 Rd7 27. h4 h5 28. Kg2 Bg4 29. Qc3+ f6 30. b4 Bxf3+ 31. exf3 d5 32. Re1 Qf7 33. cxd5 Qxd5 34. Re4 Qd6 35. Qe3 Rf7 36.
Rd4 Qe7 37. Qd2 c5 38. bxc5 Qxc5 39. Rd5 Qc6 40. Qd4 Qe6 41. Rd6 Qe5 42. Qxe5 fxe5 43.
Re6 Rc7 44. Rxe5 Kf6 45. Rd5 Rc6 46. g4 b6 47. axb6 Rxb6 48. Kg3 Ke6 49. Ra5 Kf6 50. g5+ Ke6 51. f4 Rc6 52. f3 Rb6 53. Re5+ Kf7 54.
f5 gxf5 55. Rxf5+ Kg6 56. Ra5 Rc6 57. f4 Rc3+ 58. Kf2 Rh3 59. Rxa6+ Kf5 60. Rf6+ Ke4 61. g6 Rxh4 62. f5 Rg4 63. Rf7 h4 64. g7 h3 65.
f6 h2 66. Re7+ Kd5 67. Re1 Rf4+ 68. Kg3 Rxf6 69. g8=Q+ 1-0

[Event "*** SCC Grand Prix: Titled Tuesday Blitz"]
[Site "Chess.com"]
[Date "2020.07.07"]
[Round "8"]
[White "czasnaszachy"]
[Black "Joseacorrea"]
[Result "1-0"]
[WhiteElo "2246"]
[BlackElo "1932"]
[TimeControl "180+1"]
[EndTime "11:37:58 PDT"]
[Termination "czasnaszachy won on time"]

1. d4 Nf6 2. c4 e6 3. Nc3 d5 4. Nf3 c6 5. Bg5 Be7 6. e3 O-O 7.
Be2 h6 8. Bf4 Bd6 9. Bxd6 Qxd6 10. O-O Nbd7 11. Rc1 Ne4 12. Nxe4 dxe4 13. Nd2 f5 14. a3 e5 15. d5 cxd5 16. cxd5 Nb6 17. Nc4 Nxc4 18. Bxc4 f4 19. f3 exf3 20. Qxf3 Bd7 21.
e4 g5 22. Be2 Rac8 23. Qh5 Kg7 24. h4 Qb6+ 25. Kh1 Qg6 26. Qxg6+ Kxg6 27. h5+ Kg7 28. Rc3 Rxc3 29. bxc3 Rc8 30. Rc1 Be8 31. c4 Bd7 32.
Rb1 b6 33. Kg1 g4 34. Ra1 Kf6 35. a4 Kg5 36. a5 Kxh5 37. axb6 axb6 38. Ra6 Rb8 39.
Ra7 Be8 40. Re7 Kg5 41. Rxe5+ Kf6 42. Re6+ Kg5 43. Re5+ Kf6 44. Rf5+ Kg6 45. Rxf4 Bd7 46. Bxg4 Bxg4 47. Rxg4+ Kf6 48. Rh4 Ke5 49. Rxh6 Kxe4 50. Rh4+ Ke5 51. Kf2 b5 52. cxb5 Rxb5 53. Rh5+ Kf6 54.
Kf3 Rb4 55. g3 Kg6 56. Re5 Kf6 57. Re4 Rb3+ 58. Kf4 Rb5 59. Rd4 Rb1 60. g4 Rf1+ 61.
Kg3 Ke7 62. d6+ Kd7 63. Kh4 Rf6 64. Kg5 Rf1 65. Kg6 Rg1 66. g5 Rg2 67. Kf6 Rf2+ 68. Kg7 Rg2 69. g6 Rf2 70. Kh7 Rh2+ 71. Kg8 Rg2 72. g7 Rf2 73. Rh4 Kxd6 74. Kh8 1-0

[Event "*** SCC Grand Prix: Titled Tuesday Blitz"]
[Site "Chess.com"]
[Date "2020.07.07"]
[Round "8"]
[White "ferdipy"]
[Black "Shushik"]
[Result "1-0"]
[WhiteElo "2379"]
[BlackElo "2208"]
[TimeControl "180+1"]
[EndTime "11:37:59 PDT"]
[Termination "ferdipy won by checkmate"]

1. e4 e5 2. Nf3 Nc6 3. Bc4 Bc5 4. b4 Bxb4 5. c3 Ba5 6. d4 d6 7. Qb3 Qd7 8. O-O Nf6 9. Nbd2 O-O 10. Qa4 Bb6 11.
d5 Nd4 12. Qxd7 Nxf3+ 13. Nxf3 Bxd7 14. Bd3 Nh5 15. g3 f5 16. Nd2 fxe4 17. Nxe4 Bh3 18. Re1 Bf5 19. Be3 Rf7 20. a4 Raf8 21. Bxb6 axb6 22.
Ra2 Nf6 23. Nxf6+ Rxf6 24. Bxf5 Rxf5 25. Re4 Rf3 26. Rc4 R8f7 27. Rd2 Kf8 28. Kg2 Ke8 29.
Rxc7 Rxc7 30. Kxf3 Rxc3+ 31. Ke4 Rc4+ 32. Kf5 Ke7 33.
Rb2 Rxa4 34. Rxb6 Ra7 35. h4 Kd7 36. g4 Kc7 37. Rb4 Ra5 38. Ke6 Rc5 39. f4 exf4 40. Rxf4 b5 41. Rf7+ Kb6 42. Kxd6 b4 43. Rxg7 b3 44.
Rg8 Rc7 45. Rb8+ Rb7 46. Re8 b2 47. Re1 Ka7 48. Rb1 Kb8 49. Ke6 Kc8 50. d6 Kd8 51.
g5 Rb5 52. Kf6 Rb6 53. Ke6 Rb5 54. Kf6 Rb4 55. h5 Kd7 56. Kg7 Rb5 57. Kh6 Kxd6 58. g6 hxg6 59. hxg6 Ke7 60. g7 Kf7 61. Rf1+ Ke7 62.
g8=Q b1=Q 63. Rxb1 Rxb1 64. Qg5+ Kf8 65. Qf5+ Kg8 66.
Qxb1 Kh8 67. Qb8# 1-0

[Event "*** SCC Grand Prix: Titled Tuesday Blitz"]
[Site "Chess.com"]
[Date "2020.07.07"]
[Round "8"]
[White "nocnypako"]
[Black "Love_craft"]
[Result "1-0"]
[WhiteElo "2576"]
[BlackElo "2420"]
[TimeControl "180+1"]
[EndTime "11:38:01 PDT"]
[Termination "nocnypako won on time"]

1. d4 Nf6 2. c4 g6 3. Nc3 Bg7 4. e4 d6 5. Nf3 O-O 6. Be2 Nbd7 7. O-O e5 8. Re1 c6 9. Rb1 Qe7 10. d5 c5 11. a3 Ne8 12. b4 h6 13. Nd2 f5 14. Nb3 b6 15. bxc5 dxc5 16. Bf3 Nd6 17.
Nb5 Nf6 18. Nxd6 Qxd6 19. Nd2 f4 20. a4 g5 21. h3 a5 22. Bb2 Rf7 23. Bc3 Rb8 24.
Qe2 Re7 25. Rb2 g4 26. hxg4 Nh7 27. Reb1 Reb7 28. g3 fxg3 29. fxg3 Ng5 30. Bg2 Qd7 31. Nf1 Qxa4 32. Ne3 Qe8 33. Nf5 Bxf5 34. exf5 e4 35. f6 Bf8 36. Bxa5 Qe5 37. Rxb6 Rxb6 38. Rxb6 Rxb6 39. Bxb6 Qxf6 40. Bc7 Qd4+ 41. Kh2 Bg7 42. Bf4 Be5 43. Bxe5 Qxe5 44. Qe3 Kg7 45. Qf4 Qd4 46. Qc7+ Kg8 47. Qc8+ Kg7 48. Qf5 Qd2 49. Kg1 Qd1+ 50. Qf1 Qd4+ 51. Qf2 e3 52. Qe2 Qe5 53. Kh2 Qd4 54.
d6 Qd2 55. d7 Qxd7 56. Qxe3 Qd6 57. Qf4 Qf6 58. Qc7+ Qf7 59. Qxc5 Nf3+ 60. Bxf3 Qxf3 61.
Qc7+ Kg6 62. Qf4 Qe2+ 63. Kh3 Qd1 64. Qf5+ Kg7 65. Kg2 Qc1 66. Qe5+ Kh7 67. Qe4+ Kg7 68. Qd4+ Kh7 69. c5 Qc2+ 70. Kh3 Qc1 71. Qe4+ Kg7 72.
c6 1-0

[Event "*** SCC Grand Prix: Titled Tuesday Blitz"]
[Site "Chess.com"]
[Date "2020.07.07"]
[Round "8"]
[White "alexrustemov"]
[Black "vovachesss"]
[Result "1-0"]
[WhiteElo "2737"]
[BlackElo "2579"]
[TimeControl "180+1"]
[EndTime "11:38:08 PDT"]
[Termination "alexrustemov won by resignation"]

1. d4 Nf6 2. Nf3 d6 3. c4 g6 4. g3 Bg7 5. Bg2 O-O 6. Nc3 Bf5 7. Nh4 Bc8 8. O-O e5 9. Nf3 Qe7 10. e4 exd4 11. Nxd4 Nc6 12. Nde2 Be6 13. b3 Nd7 14.
Bb2 Nc5 15. Qd2 Qd7 16. Nf4 Rae8 17. Rfe1 h5 18. Ncd5 Ne5 19. h4 Bg4 20. Re3 c6 21. Nc3 Rd8 22. f3 Be6 23. Rd1 Rfe8 24. Kh2 Qe7 25.
Nce2 Qf6 26. Bd4 b6 27. Qc3 Qe7 28. Nc1 Bc8 29. Re2 Ne6 30. Nxe6 Bxe6 31. Qd2 Kh7 32. Rde1 c5 33. Be3 Nc6 34. Rd1 Nd4 35. Ree1 Qd7 36. Ne2 Nxe2 37. Rxe2 f5 38. Bg5 Rc8 39. exf5 Bxf5 40.
Rde1 Rxe2 41. Qxe2 Bf8 42. Qe3 Qf7 43. Qf4 Qg7 44. Re2 Rc7 45. Bh3 Rf7 46. Bxf5 Rxf5 47. Qe4 Qf7 48. Qe6 Rxf3 49. Qxf7+ Rxf7 50. Kg2 Rd7 51. Re8 Bg7 52. Kf3 d5 53. cxd5 Rxd5 54. Re7 Kg8 55.
Rxa7 Rd3+ 56. Kf4 Bf8 57. Bf6 Bd6+ 58. Ke4 Rxg3 59. Kd5 Bf8 60. Ke6 Re3+ 61. Be5 Re2 62. Kf6 Bg7+ 63. Rxg7+ Kf8 64. Bd6+ Ke8 65. Re7+ Rxe7 66.
Bxe7 Kd7 67. Kf7 Kc6 68. Bg5 b5 69. Kxg6 Kd5 70. Kxh5 c4 71. bxc4+ bxc4 72. Kg6 Ke4 73. h5 c3 74. h6 c2 75. h7 c1=Q 76. Bxc1 1-0

[Event "*** SCC Grand Prix: Titled Tuesday Blitz"]
[Site "Chess.com"]
[Date "2020.07.07"]
[Round "8"]
[White "Marty435"]
[Black "goofypenguin96"]
[Result "1-0"]
[WhiteElo "2517"]
[BlackElo "2389"]
[TimeControl "180+1"]
[EndTime "11:38:10 PDT"]
[Termination "Marty435 won by checkmate"]

1. e4 e6 2. d4 d5 3. Nc3 Nf6 4. e5 Nfd7 5. f4 c5 6. Nf3 a6 7. Be3 Nc6 8. Qd2 b5 9. a3 Qb6 10. Nd1 cxd4 11. Nxd4 Bc5 12. c3 Bxd4 13. cxd4 f5 14.
Be2 Bb7 15. O-O O-O 16. b3 Rac8 17. Nb2 Na5 18. Bd1 Rc6 19. Nd3 Rcc8 20. Bc2 Rfd8 21.
Rac1 g6 22. h4 Qc7 23. Bd1 Qb6 24. Kh2 Rxc1 25. Nxc1 Nc6 26. h5 Kf7 27. Kg3 Rg8 28. hxg6+ hxg6 29. Rh1 Qd8 30. Nd3 Qa5 31. Qxa5 Nxa5 32.
Rh7+ Rg7 33. Rh8 Rg8 34. Rxg8 Kxg8 35. Kh4 Kg7 36. Kg5 Nc6 37. g4 Nd8 38. Kh4 Nf7 39. Be2 Nd8 40. Kg3 Nc6 41. Kf2 Na5 42. Bd1 Nc6 43.
Ke1 Kf7 44. Kd2 Ke7 45. Kc3 Nb6 46. Bf2 Bc8 47. Bh4+ Kd7 48. Nc5+ Kc7 49. gxf5 gxf5 50. Bh5 a5 51. Bf7 b4+ 52. axb4 axb4+ 53. Kd3 Na5 54.
Bxe6 Bxe6 55. Nxe6+ Kc6 56. Kc2 Nd7 57. Be7 Kb5 58.
Nc7+ Kc6 59. Na6 Kb5 60. Nxb4 Nb7 61. Nd3 Kc6 62. Kc3 Na5 63. e6 Nb6 64. Ne5+ Kc7 65. Bb4 Nc6 66. e7 Nxe5 67. e8=Q Ned7 68. Be7 Kc6 69. Qd8 Kb5 70. Bd6 Ka6 71. Qc7 Kb5 72. Qb7 Ka5 73. Bc7 Kb5 74. Bxb6 Nxb6 75. Qf7 Ka6 76.
Qxf5 Kb5 77. Qe6 Ka6 78. f5 Kb5 79. f6 Ka5 80. f7 Nd7 81. Qxd7 Kb6 82. Kb4 Ka6 83. Kc5 Ka5 84. Qb5# 1-0

[Event "*** SCC Grand Prix: Titled Tuesday Blitz"]
[Site "Chess.com"]
[Date "2020.07.07"]
[Round "8"]
[White "AnishOnYoutube"]
[Black "GadimbayliA"]
[Result "1-0"]
[WhiteElo "2819"]
[BlackElo "2894"]
[TimeControl "180+1"]
[EndTime "11:38:11 PDT"]
[Termination "AnishOnYoutube won by resignation"]

1. d4 d5 2. c4 e5 3. dxe5 d4 4. Nf3 Nc6 5. Nbd2 Nge7 6. Nb3 Ng6 7. Nbxd4 Ncxe5 8. Nxe5 Nxe5 9. e3 Bc5 10. Be2 O-O 11. O-O Qf6 12. b3 Rd8 13. Bb2 Bf5 14. Qd2 Rd7 15. Rad1 Rad8 16. Qc3 Bg6 17. Nb5 Rxd1 18.
Rxd1 Rxd1+ 19. Bxd1 Qd8 20. Be2 f6 21. Nd4 c6 22. Ne6 Qd6 23. Nxc5 Qxc5 24. h3 h6 25. Qd2 Qe7 26. Bd4 b6 27. Bc3 Kh7 28. Bd1 Kg8 29.
Bc2 Bxc2 30. Qxc2 Nf7 31. Qd3 Qa3 32. Qd2 Qe7 33. Bb4 Qe4 34. Bc3 Qe7 35. Bb2 Ng5 36. f3 Nf7 37. Kf2 Ng5 38. Bc3 Nf7 39. Bb4 Qe5 40. Qd4 Qf5 41. Qd2 Qe5 42. Bc3 Qe7 43. e4 Ng5 44. Bd4 Nf7 45. Be3 Ne5 46. Bf4 Nf7 47. Kf1 Qa3 48. Qd7 g5 49. Be3 Qxa2 50. Qxc6 Qxb3 51. Kf2 Qb2+ 52. Kg1 Qb3 53. Bf2 Qb1+ 54.
Kh2 Qb2 55. Bg3 a5 56. Bc7 Qb4 57. Bxb6 Kg7 58. Bd4 Qb8+ 59. Kh1 Qb1+ 60. Kh2 Qb8+ 61. g3 Qd6 62. Qxd6 Nxd6 63. c5 Nc4 64. c6 Kf7 65. c7 Nd6 66. e5 fxe5 67. Bxe5 Nc8 68. Kg2 Ke6 69. f4 gxf4 70. gxf4 Ne7 71. Kf3 Kf5 72.
Ke2 a4 73. Kd3 Nc8 74. Kc3 Ke6 75. Kb4 h5 76. Kxa4 Kd5 77. Kb5 Ne7 78. Kb6 Ke6 79. Kb7 Kd7 80. f5 1-0

[Event "*** SCC Grand Prix: Titled Tuesday Blitz"]
[Site "Chess.com"]
[Date "2020.07.07"]
[Round "8"]
[White "rasmussvane"]
[Black "Indianlad"]
[Result "1-0"]
[WhiteElo "2889"]
[BlackElo "2955"]
[TimeControl "180+1"]
[EndTime "11:38:16 PDT"]
[Termination "rasmussvane won on time"]

1. Nf3 d5 2. g3 Nd7 3. d4 Nb6 4. Nbd2 Nf6 5. Bg2 Bf5 6. Nh4 e6 7.
a4 a5 8. O-O c6 9. Nxf5 exf5 10.
Nb3 Be7 11. Qd3 g6 12. Bh6 Ng4 13. Bf4 O-O 14. Nd2 Bd6 15. Bxd6 Qxd6 16. Qb3 Ra6 17. c3 h5 18. e3 h4 19. Rac1 Kg7 20. c4 hxg3 21. hxg3 dxc4 22. Nxc4 Nxc4 23. Rxc4 Qe7 24.
d5 Rg8 25. Rd1 Rh8 26. dxc6 bxc6 27. Qc3+ Nf6 28. Bxc6 Qe6 29. Bg2 Rd6 30. Rxd6 Qxd6 31. Qd4 Qe6 32. Rc6 Qe7 33. Qc3 Rd8 34. Bf3 g5 35.
Rc5 g4 36. Be2 Kg6 37. Bd3 Rd6 38. Bxf5+ Kg7 39. Bxg4 Qe4 40. Rg5+ Kh6 41. Rf5 Nxg4 42. Qh8+ Kg6 43. Qh5+ Kg7 44. Qxf7+ Kh8 45. Qf8+ Kh7 46. Rf7+ Kg6 47. Qg8+ Kh5 48. Rh7+ Nh6 49. Qf7+ Rg6 50. Qf4 Qxf4 51. exf4 Kg4 52. Ra7 Kf3 53. Rxa5 Ng4 54. Rc5 Rd6 55. Rc3+ Ke2 56. Kg2 Rd2 57. Rf3 Nf6 58. f5 Rxb2 59. Rf4 Kd3 60. g4 Nd5 61. Rf3+ Ke4 62. Kg3 Rb1 63. Ra3 Rg1+ 64. Kh4 Ke5 65. f3 Nf4 66. a5 Kf6 67. a6 Ne2 68. Kh3 Nf4+ 69. Kh2 Rg2+ 70. Kh1 Rb2 71. a7 Rb1+ 72. Kh2 Rb2+ 73. Kg1 Rb1+ 74. Kf2 Rb2+ 75. Ke3 Nd5+ 76.
Kd4 Nc7 77. a8=Q Nxa8 78. Rxa8 1-0

[Event "*** SCC Grand Prix: Titled Tuesday Blitz"]
[Site "Chess.com"]
[Date "2020.07.07"]
[Round "8"]
[White "Alkhoori90"]
[Black "NormWeinstein"]
[Result "0-1"]
[WhiteElo "2266"]
[BlackElo "2455"]
[TimeControl "180+1"]
[EndTime "11:38:17 PDT"]
[Termination "NormWeinstein won on time"]

1. e4 c5 2. f4 Nc6 3. Nf3 e6 4. Bb5 Nge7 5. O-O a6 6. Bxc6 Nxc6 7. d3 Be7 8. Nc3 b5 9. Kh1 Bb7 10. Bd2 Rc8 11. Qe1 Nd4 12. Qf2 Nxc2 13. Rac1 Nb4 14. Qe2 O-O 15. a3 Nc6 16. Qf2 d6 17. Qg3 f5 18. Rce1 Qd7 19. Ng5 Nd4 20. exf5 Rxf5 21. Ne2 Nc6 22. Bc3 Bxg5 23. fxg5 Rcf8 24. Rxf5 Rxf5 25.
g6 h6 26. h3 Rg5 27. Qe3 e5 28. Ng3 Rxg6 29. Ne4 Kh7 30. Rf1 Qe6 31. Qe2 Nd4 32. Qh5 Bxe4 33. dxe4 Ne2 34. Be1 Nf4 35. Qh4 Nxg2 36.
Qh5 Nf4 37. Qh4 Nxh3 38. Bd2 Qg4 39. Qxg4 Rxg4 40. Rf3 Ng5 41. Bxg5 Rxg5 42. Rd3 Rg6 43. Kh2 Rf6 44. Rd5 g5 45. Kh3 Kg6 46. Rd2 h5 47.
Kg2 g4 48. Kg3 Kg5 49. Kg2 h4 50. Kh2 Rh6 51. Kg2 Kf4 52. Re2 h3+ 53. Kh1 Kf3 54.
Re1 g3 55. Rd1 h2 56. Rd3+ Kg4 57. Rd2 Rf6 58. Kg2 Rf1 59. Kxf1 h1=Q+ 60. Ke2 Qxe4+ 61. Kd1 Qe3 62. Re2 Qxe2+ 63. Kxe2 Kh3 64. Kf1 Kh2 65. Ke2 g2 66. Ke3 g1=Q+ 67. Ke4 Qd4+ 68. Kf5 Qxb2 69. Ke6 Qxa3 70. Kxd6 Qe3 71. Kd5 c4 72. Kc6 c3 73.
Kd6 c2 74. Ke6 c1=Q 75. Kf5 Qcc5 76. Kg4 Qf4+ 77. Kh5 e4+ 78. Kg6 Qfd6+ 79. Kf7 Qcc7+ 80. Ke8 Qdd7+ 81. Kf8 e3 0-1

[Event "*** SCC Grand Prix: Titled Tuesday Blitz"]
[Site "Chess.com"]
[Date "2020.07.07"]
[Round "8"]
[White "kleopl"]
[Black "sri5996"]
[Result "0-1"]
[WhiteElo "2394"]
[BlackElo "2300"]
[TimeControl "180+1"]
[EndTime "11:38:19 PDT"]
[Termination "sri5996 won by resignation"]

1. c4 c5 2. Nf3 Nc6 3. Nc3 g6 4. e3 Nf6 5. d4 cxd4 6. exd4 d5 7.
Bg5 Be6 8. Qb3 Na5 9. Qa4+ Bd7 10. Qc2 dxc4 11. Bxf6 exf6 12. Be2 Bg7 13. O-O O-O 14.
d5 Rc8 15. a4 Bf5 16. Qd1 Qb6 17. Ra2 Rfd8 18. Nd4 Bd7 19. Bf3 f5 20. Nde2 Nb3 21.
Qc2 Be8 22. Rd1 Be5 23. g3 f6 24. Bg2 Bf7 25. h4 Qc5 26. h5 Nd4 27. Nxd4 Bxd4 28. Qd2 Be5 29. hxg6 hxg6 30. Kf1 Kg7 31. Ne2 Rh8 32. Nf4 Rcd8 33. Raa1 Bxf4 34. Qxf4 Bxd5 35. Bxd5 Rxd5 36. Kg2 Qc6 37. f3 Rhd8 38. Rxd5 Qxd5 39. Rf1 Qd2+ 40. Rf2 Qxf4 41. gxf4 Rd3 42. Rc2 Rd4 43. Kg3 Kf7 44. Re2 Rd3 45. Rc2 Rd4 46. Re2 a6 47. a5 Rd5 48. Rc2 Rc5 49. Rc3 Ke6 50.
b3 Kd5 51. bxc4+ Rxc4 52. Rb3 Kc6 53. Rb6+ Kc7 54. Rxf6 Rc6 55. Rf7+ Kb8 56. Rg7 Ka7 57.
Kh4 Rc4 58. Kg5 Rc5 59. Rxg6 Rxa5 60. Rf6 Ra1 61. Rxf5 a5 62. Re5 a4 63. f5 a3 64. f6 a2 65. Ra5+ Kb6 66. Ra8 Rg1+ 67. Kf5 a1=Q 68. Rxa1 Rxa1 69. f7 Ra8 70. Ke6 Kc5 71. Ke7 b5 72. f4 b4 73. f5 b3 74.
f6 b2 75. f8=Q Rxf8 76. Kxf8 b1=Q 77. f7 Kd6 78. Kg8 Qg6+ 79. Kh8 Qh5+ 80. Kg8 Qg5+ 81. Kh8 Qd8+ 82. Kg7 Ke7 83. Kg6 Qf8 0-1

[Event "*** SCC Grand Prix: Titled Tuesday Blitz"]
[Site "Chess.com"]
[Date "2020.07.07"]
[Round "8"]
[White "natelleka"]
[Black "ahachess"]
[Result "0-1"]
[WhiteElo "2114"]
[BlackElo "2280"]
[TimeControl "180+1"]
[EndTime "11:38:26 PDT"]
[Termination "ahachess won by resignation"]

1. e4 c5 2. Nf3 d6 3. d4 cxd4 4. Nxd4 Nf6 5. Nc3 a6 6. a4 g6 7. Be2 Bg7 8. O-O O-O 9. Bg5 b6 10. Re1 Bb7 11. Bf1 Qc7 12. f4 Nbd7 13. Qd2 Rfe8 14. Rad1 Rad8 15. Qf2 Qc5 16. Bh4 Ng4 17. Qd2 e5 18. fxe5 dxe5 19. Bxd8 exd4 20. Nd5 d3+ 21. Ne3 Nxe3 22. Rxe3 Bh6 23. Re1 Rxd8 24. cxd3 Bxe3+ 25. Rxe3 Ne5 26. Kh1 Ng4 27. Rf3 f5 28. h3 fxe4 29. Rf4 e3 30. Qe2 Nf2+ 31. Kh2 Re8 32. g3 Qd5 33. g4 Qh1+ 34. Kg3 Qg1+ 35. Kh4 g5+ 36. Kh5 Qg3 37. Kxg5 Re5+ 38. Rf5 Rxf5+ 39. Kxf5 Qd6 40. Qxe3 Qd5+ 41. Kf4 Qd6+ 42. Kf5 Qg6+ 43. Kf4 Qf6+ 44. Kg3 Nd1 45. Qe8+ Kg7 46. Be2 Nf2 47. Qd7+ Qf7 48. Qd4+ Qf6 49. Qxf2 Qe5+ 50. Kh4 Qe7+ 51. Kg3 Qd6+ 52.
Kh4 h6 53. Qf3 Qe7+ 54. Kg3 Qe5+ 55. Qf4 Qxe2 56. Qc7+ Kf6 57. Qxb7 Qxd3+ 58. Kg2 Qd4 59. Kf3 Qd3+ 60. Kf2 Qd4+ 61. Ke2 Qe4+ 62. Kd2 Qxb7 63. Kc2 Qc6+ 64. Kd3 Qd5+ 65. Kc3 Qc5+ 66. Kd3 b5 67. axb5 Qxb5+ 68. Kc2 Kg5 69. Kc3 Kh4 70. Kd2 Kxh3 0-1

[Event "*** SCC Grand Prix: Titled Tuesday Blitz"]
[Site "Chess.com"]
[Date "2020.07.07"]
[Round "8"]
[White "vesalhamedinia"]
[Black "Susal_De_Silva"]
[Result "1/2-1/2"]
[WhiteElo "2219"]
[BlackElo "2349"]
[TimeControl "180+1"]
[EndTime "11:38:34 PDT"]
[Termination "Game drawn by repetition"]

1. d4 Nf6 2. c4 e6 3. Nf3 b6 4. a3 Bb7 5. Nc3 Ne4 6. Nxe4 Bxe4 7. e3 g6 8. Be2 Bg7 9. O-O O-O 10. b4 a5 11. Bb2 d6 12. Nd2 Bb7 13. Bf3 Bxf3 14. Qxf3 Nd7 15. Rfd1 Qe7 16. Qc6 Ra7 17. Bc3 a4 18. Rac1 f5 19. Qf3 e5 20. dxe5 Nxe5 21. Qd5+ Kh8 22. Nf3 Raa8 23. Nxe5 dxe5 24. Qc6 Rad8 25.
Qxa4 f4 26. exf4 Rxf4 27. Rxd8+ Qxd8 28. Rd1 Qf8 29. f3 Rxc4 30. Bb2 h6 31. Qd7 Rc2 32.
Ba1 Qf4 33. Qd3 Rc6 34. Qe2 Kh7 35. g3 Qf5 36. Kg2 h5 37. h4 Rc2 38. Rd2 Rxd2 39. Qxd2 e4 40. Bxg7 Qxf3+ 41. Kh2 Kxg7 42. Qd7+ Qf7 43.
Qd4+ Kh7 44. Qxe4 Qa2+ 45. Kh3 Qxa3 46. Qe7+ Kg8 47. Qxc7 Qxb4 48. Qc8+ Qf8 49. Qe6+ Qf7 50. Qxb6 Kh7 51. Qd6 Qf1+ 52. Kh2 Qf2+ 53. Kh1 Qf3+ 54.
Kh2 Qf7 55. Qe5 Qb7 56. Qe2 Kg8 57. Qd2 Kf7 58. Qc2 Qb6 59. Qc4+ Kf6 60. Qc3+ Kf5 61. Qd3+ Ke5 62. Qe2+ Kf6 63. Qf3+ Ke5 64. Qc3+ Qd4 65. Qf3 Qd2+ 66. Kh3 Qd7+ 67. Kg2 Qd2+ 68. Qf2 Qd5+ 69. Qf3 Qd2+ 70. Qf2 Qd5+ 71. Qf3 Qe6 72. Qe3+ Kf5 73. Qg5+ Ke4 74. Qf4+ Kd3 75. Qf3+ Kd2 76. Qf4+ Ke1 77. Qf2+ Kd1 78. Qd4+ Ke1 79. Qf2+ Kd1 80. Qd4+ Ke2 81. Qf2+ Kd3 82. Qf3+ Kd2 83. Qf4+ Ke1 84. Qf2+ 1/2-1/2

[Event "*** SCC Grand Prix: Titled Tuesday Blitz"]
[Site "Chess.com"]
[Date "2020.07.07"]
[Round "8"]
[White "Harsha_Bharathakoti"]
[Black "Timerkhanov"]
[Result "1/2-1/2"]
[WhiteElo "2780"]
[BlackElo "2629"]
[TimeControl "180+1"]
[EndTime "11:38:36 PDT"]
[Termination "Game drawn - insufficient material"]

1. d4 d5 2. c4 c6 3. Nf3 Nf6 4. Nc3 dxc4 5. e4 b5 6. Be2 e6 7. b3 b4 8. e5 Nd5 9. Nxd5 cxd5 10. bxc4 dxc4 11. Bxc4 Bb7 12. O-O Be7 13. Be3 O-O 14.
Qe2 Nd7 15. Ba6 Bd5 16. Ne1 Nb6 17. Nd3 Nc4 18. Nf4 Nxe3 19. fxe3 Be4 20. Rfc1 Qb6 21. Bd3 Qb7 22. Bxe4 Qxe4 23. Qd3 Qxd3 24. Nxd3 Rfc8 25. Kf2 a5 26. e4 Bg5 27. Rxc8+ Rxc8 28. Nc5 Bd2 29.
Rd1 Bc3 30. Ke3 Kf8 31. Rd3 Ke7 32. a4 Rb8 33. Nb3 Ra8 34. h3 h5 35. Rd1 g6 36.
Rf1 Ra7 37. Kd3 Rd7 38. Rf2 Ra7 39. Rc2 Kd7 40. Nc5+ Kc6 41. Kc4 Ra8 42. d5+ Kb6 43. Nb3 Rc8+ 44. Kd3 Rd8 45. Kc4 Rc8+ 46. Kd3 Rd8 47. Rf2 exd5 48. Rxf7 dxe4+ 49. Kxe4 Rd1 50. Rf6+ Kc7 51. Rxg6 Re1+ 52. Kd3 Rxe5 53. Kc4 Rf5 54. g4 hxg4 55. hxg4 Re5 56. Nc5 Re1 57. Na6+ Kb7 58. Nc5+ Kc7 59. Kb5 Re5 60. Rc6+ Kd8 61. Kc4 Re1 62. g5 Rg1 63. g6 Ke7 64. Re6+ Kf8 65. Nd7+ Kg7 66. Nc5 Rxg6 67. Rxg6+ Kxg6 68. Nb7 Kf6 69. Nxa5 Ke6 70. Nb3 Kd6 71. Kb5 Kc7 72. a5 Kb7 73. a6+ Ka7 74. Na5 Ka8 75. Nb3 Ka7 76. Ka5 Be1 77. Nd4 b3+ 78. Ka4 b2 79. Nb5+ Ka8 80.
Na3 Ka7 81. Kb5 Bd2 82. Nb1 Be1 83. Na3 Bd2 84. Kc4 Be1 85. Kb3 Kxa6 86. Kxb2 1/2-1/2

[Event "*** SCC Grand Prix: Titled Tuesday Blitz"]
[Site "Chess.com"]
[Date "2020.07.07"]
[Round "8"]
[White "RaunakSadhwani2005"]
[Black "Gabrielian_Artur"]
[Result "1-0"]
[WhiteElo "2930"]
[BlackElo "2776"]
[TimeControl "180+1"]
[EndTime "11:39:03 PDT"]
[Termination "RaunakSadhwani2005 won on time"]

1. d4 Nf6 2. Bf4 g6 3. Nc3 d5 4. e3 Bg7 5. Nf3 O-O 6. Be2 c5 7. O-O cxd4 8. exd4 Nc6 9. Ne5 Bf5 10. Bf3 Rc8 11. Re1 h5 12. Nxc6 Rxc6 13. Be5 e6 14. h3 Qa5 15. g4 hxg4 16. hxg4 Be4 17. Bxe4 Nxe4 18. Nxe4 Bxe5 19. Nc5 Bg7 20. c3 Qc7 21. Nd3 a5 22. Kg2 Rb8 23. a4 b5 24. axb5 Rxb5 25. Qf3 Rcb6 26. Rh1 Qe7 27. Qe2 Qb7 28. Ra2 Kf8 29.
Rha1 Ra6 30. Nc5 Rxc5 31. dxc5 d4+ 32. Qf3 Qxf3+ 33. Kxf3 dxc3 34. bxc3 Bxc3 35. Rc1 Bb4 36. c6 Ra8 37. Rc4 Rc8 38. Ra1 Ke7 39. Rd1 Rc7 40. g5 Bd6 41. Ke4 Bb4 42. f4 Bd6 43. Rd2 Bb4 44.
Rd3 Bd6 45. Rc2 Bb4 46. Rh3 Bd6 47. Rh8 a4 48. Rb8 a3 49. Rb7 Kd8 50. Kf3 Kc8 51. Rxc7+ Kxc7 52. Ke4 Kb6 53. Rc3 Kc7 54. Rc2 Kb6 55. Kf3 Kc7 56. Rc3 Kb6 57. c7 Bxc7 58.
Rxa3 Kc6 59. Ke4 Kd6 60. Ra7 Kd7 61. Ra8 Ke7 62. Ra7 Kd6 63. Ra4 Ke7 64. Rd4 Bd6 65.
Rc4 Kd7 66. Kd3 Ke7 67. Kc3 Kd7 68. Kb3 e5 69. fxe5 Bxe5 70. Kc2 Ke6 71. Rc5 Bf4 72. Kd3 Bd6 73. Rb5 Bf4 74. Ke4 Bc1 75. Rb7 Bd2 76.
Rb6+ Ke7 77. Rb5 Bc1 78. Re5+ Kf8 79. Rc5 Bb2 80. Kd5 Kg7 81. Kc6 Bd4 82. Rd5 Be3 83. Kd7 Bc1 84. Ke8 Be3 85. Re5 Bc1 86. Rc5 Be3 87. Rd5 Bf4 88. Rd7 Bxg5 89. Rxf7+ Kh6 90. Kd7 Be3 91. Ke6 Kh5 92. Rf3 Bc1 93. Kf6 Bb2+ 94.
Kf7 g5 95. Rh3+ Kg4 96. Rh1 1-0

[Event "*** SCC Grand Prix: Titled Tuesday Blitz"]
[Site "Chess.com"]
[Date "2020.07.07"]
[Round "9"]
[White "andriipalchuk"]
[Black "tk22h"]
[Result "0-1"]
[WhiteElo "2424"]
[BlackElo "2302"]
[TimeControl "180+1"]
[EndTime "11:40:13 PDT"]
[Termination "tk22h won by resignation"]

1. e4 e5 2. Nf3 Nc6 3. Nc3 Nf6 4. d4 exd4 5. Nxd4 Bb4 6. Nxc6 bxc6 7. Bd3 O-O 8. O-O d5 9. e5 Ng4 10. f4 Bc5+ 11. Kh1 Qh4 12. h3 Qg3 0-1

[Event "*** SCC Grand Prix: Titled Tuesday Blitz"]
[Site "Chess.com"]
[Date "2020.07.07"]
[Round "9"]
[White "ArnieChipmunk"]
[Black "TheLawAdv"]
[Result "1/2-1/2"]
[WhiteElo "2308"]
[BlackElo "2078"]
[TimeControl "180+1"]
[EndTime "11:40:38 PDT"]
[Termination "Game drawn by agreement"]

1. e4 c5 2. Nf3 d6 3. d4 cxd4 4. Nxd4 Nf6 5. Nc3 e5 6. Nb3 Be6 7. Be3 Be7 8. f3 O-O 9. Qd2 d5 10. exd5 Nxd5 11. Nxd5 Qxd5 12. O-O-O Qxd2+ 13. Rxd2 Nc6 14. Kb1 1/2-1/2

[Event "*** SCC Grand Prix: Titled Tuesday Blitz"]
[Site "Chess.com"]
[Date "2020.07.07"]
[Round "9"]
[White "Skatchkov_V"]
[Black "abykhovsky"]
[Result "1-0"]
[WhiteElo "2554"]
[BlackElo "2674"]
[TimeControl "180+1"]
[EndTime "11:40:53 PDT"]
[Termination "Skatchkov_V won by resignation"]

1. d4 Nf6 2. c4 c5 3. d5 b5 4. Nf3 b4 5. Qc2 g6 6. e4 Bg7 7. Bd3 O-O 8. O-O d6 9. h3 a5 10.
Bf4 a4 11. Nbd2 a3 12. b3 Nh5 13. Bh2 Bxa1 14. Rxa1 e5 15. dxe6 fxe6 16. e5 d5 17.
cxd5 exd5 18. Qxc5 1-0

[Event "*** SCC Grand Prix: Titled Tuesday Blitz"]
[Site "Chess.com"]
[Date "2020.07.07"]
[Round "9"]
[White "AlexOstrovskiy"]
[Black "Srisshhhtea"]
[Result "1-0"]
[WhiteElo "2651"]
[BlackElo "2501"]
[TimeControl "180+1"]
[EndTime "11:41:07 PDT"]
[Termination "AlexOstrovskiy won by resignation"]

1. d4 Nf6 2. Bf4 d5 3. e3 e6 4. Nd2 Bd6 5. Bg3 O-O 6. Ngf3 c5 7. c3 Nc6 8. Bd3 b6 9. e4 Bxg3 10. hxg3 cxd4 11. e5 dxc3 12. exf6 cxd2+ 13. Qxd2 h6 14. fxg7 1-0

[Event "*** SCC Grand Prix: Titled Tuesday Blitz"]
[Site "Chess.com"]
[Date "2020.07.07"]
[Round "9"]
[White "stolencandy13"]
[Black "VladimirBugayev"]
[Result "1-0"]
[WhiteElo "2368"]
[BlackElo "2244"]
[TimeControl "180+1"]
[EndTime "11:41:15 PDT"]
[Termination "stolencandy13 won by resignation"]

1. e4 c6 2. d4 d5 3. e5 Bf5 4. Nf3 e6 5. h4 h5 6. Bd3 Bxd3 7.
Qxd3 Nd7 8. Bg5 Qb6 9. Nbd2 c5 10. c4 Ne7 11. O-O Nc6 12. cxd5 exd5 13. e6 Nb4 14. exd7+ Kxd7 15. Qf5+ 1-0